Map: Blueshift LE

Players

Yocto - Winner!

  • Race: Zerg Zerg
  • Spawn Location: 7:00

Skynet

  • Race: Zerg Zerg
  • League: Gold
  • Spawn Location: 1:00

VOD

Have the link to the VOD?

Description

Time

  • Played on: Dec. 14, 2018, 10:58 a.m.
  • Length: 14:56
Show
View Real Time Build Order
Export as new Build Order

Yocto Zerg - Winner!

Build Orders: Hatch First 

Get SALT Encoding   

  12  0:03  Drone  
  13  0:15  Overlord  
  13  0:26  Drone  
  14  0:45  Drone x3  
  17  1:06  Hatchery  
  17  1:08  Extractor, Drone x2  
  17  1:25  Spawning Pool  
  16  1:26  Drone  
  16  1:30  Drone  
  18  1:39  Drone  
  19  2:01  Overlord  
  19  2:03  Drone  
  20  2:12  Queen  
  22  2:17  Metabolic Boost  
  22  2:21  Queen  
  24  2:24  Zergling x2  
  24  2:25  Zergling x2  
  24  2:29  Drone  
  27  2:31  Drone  
  28  2:38  Drone  
  29  2:45  Overlord  
  29  2:52  Lair  
  29  2:59  Queen  
  30  3:13  Zergling x6  
  33  3:23  Baneling Nest  
  32  3:31  Spine Crawler  
  31  3:36  Extractor, Drone  
  31  3:37  Drone x2  
  31  3:39  Drone  
  34  3:47  Drone x4  
  34  3:48  Drone x2  
  40  4:07  Baneling  
  40  4:13  Drone x4  
  40  4:15  Overlord x2  
  40  4:16  Overlord  
  44  4:28  Spire  
  43  4:32  Extractor  
  43  4:34  Extractor  
  40  4:42  Baneling  
  40  4:44  Drone x4  
  40  4:45  Drone x4  
  48  5:05  Drone x3  
  51  5:08  Zergling x14  
  51  5:09  Zergling x2  
  57  5:44  Mutalisk  
  57  5:48  Overlord x3  
  57  5:49  Overlord, Hatchery  
  58  5:57  Evolution Chamber  
  57  6:08  Mutalisk x5  
  57  6:09  Mutalisk  
  69  6:27  Mutalisk x2  
  69  6:28  Mutalisk x2  
  77  6:35  Mutalisk  
  79  6:45  Drone x6  
  79  6:46  Drone  
  86  6:58  Mutalisk  
  86  6:59  Mutalisk  
  90  7:15  Mutalisk x2  
  91  7:24  Mutalisk  
  91  7:28  Zergling x10  
  92  7:51  Zergling x2  
  92  7:52  Zergling x14  
  94  8:00  Spine Crawler  
  94  8:02  Spine Crawler x3  
  94  8:03  Spine Crawler  
  78  8:05  Spine Crawler  
  78  8:07  Spine Crawler  
  78  8:09  Mutalisk x2  
  78  8:10  Mutalisk  
  75  8:19  Zergling x4  
  64  8:29  Zergling x2  
  64  8:30  Zergling x2  
  64  8:47  Zergling x10  
  70  9:03  Baneling x3  
  70  9:04  Baneling  
  70  9:05  Baneling x2  
  70  9:06  Hatchery, Baneling  
  70  9:07  Zergling x2  
  70  9:08  Zergling x6  
  70  9:09  Queen  
  73  9:12  Queen  
  74  9:52  Drone  
  75  9:53  Drone x5  
  80  10:06  Evolution Chamber  
  79  10:13  Drone x2  
  81  10:16  Drone x2  
  83  10:23  Extractor  
  83  10:24  Drone  
  83  10:25  Queen, Extractor  
  83  10:27  Overlord  
  84  10:29  Hatchery  
  83  10:41  Drone x5  
  83  10:42  Drone x2  
  90  10:50  Zerg Melee Weapons Level 1  
  90  10:51  Queen  
  90  10:53  Centrifical Hooks  
  90  10:55  Drone  
  90  10:56  Drone x3  
  96  11:21  Mutalisk x2  
  96  11:22  Mutalisk x2  
  96  11:25  Drone  
  104  11:43  Overlord x3  
  104  11:44  Overlord x2  
  104  11:52  Zerg Flyer Weapons Level 1  
  104  11:56  Overlord  
  104  11:57  Overlord x4  
  104  12:08  Drone x2  
  104  12:09  Drone x2  
  104  12:12  Drone  
  109  12:16  Drone x3  
  109  12:17  Drone x5  
  109  12:20  Extractor  
  116  12:26  Drone  
  116  12:28  Drone x5  
  116  12:29  Drone  
  123  12:45  Baneling x9  
  123  12:46  Baneling x6  
  99  12:59  Zergling x2  
  99  13:00  Zergling x18  
  105  13:11  Zergling x10  
  105  13:21  Zergling x4  
  105  13:26  Zergling x2  
  105  13:27  Zergling x4  
  110  13:39  Zergling x6  
  98  14:00  Zergling x10  
  98  14:01  Zergling x2  
  97  14:06  Zergling x6  
  99  14:12  Baneling x3  
  99  14:13  Baneling x5  
  99  14:14  Baneling x4  
  97  14:21  Zergling x2  
  97  14:22  Zergling x4  
Show
View Real Time Build Order
Export as new Build Order

Skynet Zerg 

Build Orders: Hatch First 

Get SALT Encoding   

  12  0:01  Drone  
  13  0:09  Drone  
  14  0:17  Overlord  
  14  0:30  Extractor  
  14  0:31  Drone  
  15  0:38  Drone x2  
  17  0:57  Hatchery  
  16  1:09  Spawning Pool  
  15  1:12  Drone  
  16  1:19  Drone x2  
  18  1:27  Overlord  
  18  1:40  Extractor  
  17  1:57  Zergling x6  
  20  2:07  Queen, Hatchery  
  21  2:18  Queen  
  23  2:23  Drone x2  
  25  2:32  Drone x2  
  25  2:35  Drone  
  28  2:44  Drone x2  
  28  2:46  Drone  
  31  2:59  Drone x2  
  31  3:00  Extractor  
  31  3:18  Drone x4  
  35  3:22  Drone x3  
  35  3:23  Drone  
  39  3:32  Roach Warren  
  38  3:40  Queen  
  40  3:47  Overlord  
  40  3:48  Overlord  
  40  3:56  Queen  
  40  3:57  Evolution Chamber  
  40  3:59  Evolution Chamber  
  40  4:10  Drone x3  
  40  4:11  Drone x4  
  47  4:18  Metabolic Boost  
  47  4:32  Queen, Pneumatized Carapace  
  48  4:38  Roach x2  
  48  4:39  Roach x2  
  48  4:41  Roach  
  58  4:46  Zerg Missile Weapons Level 1  
  58  4:51  Zerg Ground Armor Level 1  
  58  4:53  Overlord  
  58  4:55  Overlord  
  53  5:31  Roach  
  53  5:32  Roach x6  
  53  5:33  Roach x2  
  71  6:01  Drone x2  
  71  6:02  Drone  
  71  6:03  Overlord x2  
  71  6:04  Overlord x3  
  74  6:14  Spore Crawler  
  74  6:17  Spore Crawler  
  72  6:20  Spore Crawler  
  71  6:27  Roach x6  
  71  6:28  Roach x2  
  87  6:33  Ravager x2  
  89  6:41  Extractor  
  88  7:07  Drone x5  
  88  7:08  Drone x4  
  95  7:28  Spore Crawler  
  91  7:31  Spore Crawler  
  84  7:58  Spore Crawler  
  83  8:00  Spore Crawler x2  
  83  8:02  Spine Crawler x2  
  83  8:04  Spine Crawler  
  78  8:07  Lair  
  32  8:43  Queen  
  34  8:50  Spore Crawler  
  33  9:19  Queen  
  35  9:33  Hydralisk Den  
  34  9:41  Roach x4  
  34  9:42  Roach x5  
  34  9:43  Roach  
  53  10:01  Hydralisk x3  
  53  10:02  Hydralisk x2  
  63  10:13  Muscular Augments  
  63  10:15  Glial Reconstitution  
  63  10:28  Drone x4  
  67  10:37  Extractor  
  66  11:01  Hydralisk x5  
  66  11:02  Hydralisk x2  
  80  11:04  Overseer  
  80  11:06  Hatchery  
  79  11:25  Grooved Spines  
  79  11:28  Spore Crawler  
  79  11:30  Spore Crawler  
  77  11:33  Spore Crawler  
  77  11:34  Spore Crawler  
  75  11:47  Hydralisk x5  
  75  11:48  Hydralisk x5  
  95  12:14  Zerg Missile Weapons Level 2  
  95  12:22  Spine Crawler, Hatchery  
  85  12:58  Hydralisk x3  
  85  12:59  Hydralisk x4  
  85  13:03  Overlord x5  
  61  13:19  Hydralisk x2  
  53  13:40  Queen  
  55  13:42  Queen  
  55  13:44  Queen  
  59  14:01  Hydralisk x3  
  55  14:23  Drone  
  55  14:24  Drone x3  
  58  14:26  Drone  
Tags
 
League
Gold
Matchup
ZvZ
Race
Zerg
Replay Pack
Yocto
Spawn Locations
Cross Positions
Add a new tag
Caveats
  • Supply blocks, unpowered buildings, or Contaminate may cause inaccurate times.
  • Supply counts are checked every 10 seconds.